[Event "Titled Tuesday Blitz August 10 2021"]
[White "Nakamura, Hikaru"]
[Black "Quintiliano Pinto, Renato R."]
[WhiteFideId "2016192"]
[BlackFideId "2117568"]
[WhiteElo "2900"]
[BlackElo "2439"]
[Result "1-0"]
[Round "02"]
[TimeControl "180+1"]
[Date "2021.08.10"]
[WhiteClock "0:01:16"]
[BlackClock "0:00:10"]

1. Nf3 Nf6 2. e3 d5 3. b3 e6 4. Bb2 Be7 5. c4 O-O 6. Nc3 c5 7. cxd5 Nxd5 8. a3 Nc6 9. Qc2 Nxc3 10. dxc3 Bf6 11. Bd3 g6 12. O-O-O Qe7 13. h4 e5 14. h5 Bg4 15. hxg6 hxg6 16. Be4 Rad8 17. Rde1 Kg7 18. c4 Rh8 19. Bc3 Rxh1 20. Rxh1 Rh8 21. Rxh8 Kxh8 22. Qb2 Bxf3 23. Bxf3 Nd8 24. Bd5 Kg7 25. g4 b6 26. Kc2 g5 27. Qa1 Qd6 28. Qh1 Ne6 29. Be4 Nf8 30. Bf5 a6 31. Qb7 a5 32. Qd5 Qe7 33. Kd3 Ng6 34. Ke4 Qc7 35. Bxg6 Kxg6 36. Bxe5 Bxe5 37. Qxe5 Qc6+ 38. Qd5 Qe8+ 39. Kd3 f6 40. Qe4+ 1-0


[Site "https://www.chess.com"]

[Event "Titled Tuesday Blitz August 10 2021"]
[White "Peralta, Eduardo"]
[Black "Rud_Makarian"]
[WhiteFideId "3700062"]
[WhiteElo "2205"]
[BlackElo "2859"]
[Result "1-0"]
[Round "02"]
[TimeControl "180+1"]
[Date "2021.08.10"]
[WhiteClock "0:00:33"]
[BlackClock "0:00:01"]

1. d4 Nf6 2. c4 g6 3. Nc3 Bg7 4. e4 d6 5. f3 Nbd7 6. Bg5 a6 7. Qd2 O-O 8. Nge2 b5 9. d5 Ne5 10. cxb5 axb5 11. Nd4 b4 12. Ncb5 Bd7 13. Be2 c5 14. dxc6 Nxc6 15. Nxc6 Bxc6 16. Nd4 Qb6 17. Be3 Qb7 18. Nxc6 Qxc6 19. O-O Qb7 20. Rfc1 Nd7 21. Rc4 b3 22. a4 Rfc8 23. a5 Ne5 24. a6 Qd7 25. Rxc8+ Qxc8 26. Qd5 Nd7 27. a7 Bxb2 28. Rb1 Ba3 29. Rxb3 Bc5 30. Bxc5 dxc5 31. Qb7 Rb8 32. Qxb8 1-0


[Site "https://www.chess.com"]

[Event "Titled Tuesday Blitz August 10 2021"]
[White "Pichot, Alan"]
[Black "Gunduz, Umut Erdem"]
[WhiteFideId "110973"]
[BlackFideId "6381383"]
[WhiteElo "2622"]
[BlackElo "2096"]
[Result "1-0"]
[Round "02"]
[TimeControl "180+1"]
[Date "2021.08.10"]
[WhiteClock "0:00:40"]
[BlackClock "0:00:11"]

1. d4 Nf6 2. c4 e6 3. Nf3 c5 4. d5 d6 5. Nc3 exd5 6. cxd5 g6 7. Nd2 Bg7 8. e4 O-O 9. Be2 a6 10. a4 Nbd7 11. O-O Re8 12. Re1 Ne5 13. h3 g5 14. Ra3 h6 15. Nf1 Ng6 16. Ng3 Bd7 17. a5 Ne5 18. f4 gxf4 19. Bxf4 b5 20. axb6 Qxb6 21. Qd2 Kh7 22. Rf1 Ng6 23. Be3 a5 24. Nf5 Bxf5 25. exf5 Ne5 26. Ra4 Rab8 27. Rb1 Re7 28. Rh4 Ng8 29. Ne4 Qb4 30. Ng5+ Kh8 31. Rxb4 Rxb4 32. Ne6 fxe6 33. dxe6 Re4 34. Bf2 d5 35. Bf1 d4 36. Qxa5 d3 37. Qxc5 Bf6 38. Qd5 1-0


[Site "https://www.chess.com"]

[Event "Titled Tuesday Blitz August 10 2021"]
[White "Salinas Herrera, Pablo"]
[Black "Yaran, Siar"]
[WhiteFideId "3407128"]
[BlackFideId "6323006"]
[WhiteElo "2541"]
[BlackElo "1977"]
[Result "1-0"]
[Round "02"]
[TimeControl "180+1"]
[Date "2021.08.10"]
[WhiteClock "0:01:51"]
[BlackClock "0:00:14"]

1. d4 Nf6 2. c4 e6 3. Nc3 d5 4. cxd5 exd5 5. Bg5 Be7 6. e3 c6 7. Bd3 Nbd7 8. Nge2 Nh5 9. Bxe7 Qxe7 10. g4 Nhf6 11. Ng3 g6 12. g5 Ng8 13. h4 h6 14. gxh6 Rxh6 15. h5 Qg5 16. Qf3 Ndf6 17. hxg6 fxg6 18. O-O-O Bg4 19. Qg2 Bxd1 20. Rxd1 O-O-O 21. Rg1 Qg4 22. Qf1 Qd7 23. Nge2 Ne7 24. Nf4 Rg8 25. a3 g5 26. Nfe2 Kb8 27. Ng3 Rf8 28. Qe2 Rh2 29. Qe1 Ng4 30. f3 Rxf3 31. Nf1 Rhh3 32. Be2 Nh2 33. Nxh2 Rxe3 34. Ng4 Re6 35. Ne5 Qe8 36. Bg4 Ng6 37. Bxh3 1-0


[Site "https://www.chess.com"]

[Event "Titled Tuesday Blitz August 10 2021"]
[White "Sarana, Alexey"]
[Black "Sadovsky, Artem"]
[WhiteFideId "24133795"]
[BlackFideId "4155840"]
[WhiteElo "2646"]
[BlackElo "2442"]
[Result "1-0"]
[Round "02"]
[TimeControl "180+1"]
[Date "2021.08.10"]
[WhiteClock "0:02:00"]
[BlackClock "0:00:03"]

1. d4 g6 2. e4 Bg7 3. Nc3 c6 4. f4 d5 5. e5 h5 6. Nf3 Nh6 7. Be3 Bg4 8. Be2 Nf5 9. Bf2 e6 10. h3 Bxf3 11. Bxf3 h4 12. Ne2 Bf8 13. O-O Be7 14. Bg4 a5 15. c3 a4 16. b3 b5 17. Kh2 Nd7 18. Ng1 Nb6 19. Nf3 axb3 20. axb3 Rxa1 21. Qxa1 Qa8 22. Qb2 Ba3 23. Qc2 Be7 24. Qb2 Ba3 25. Qe2 Be7 26. Rb1 Kd7 27. Qb2 Ba3 28. Qa2 Be7 29. Ra1 Qxa2 30. Rxa2 Ra8 31. Rxa8 Nxa8 32. Bxf5 exf5 33. Bxh4 Bxh4 34. Nxh4 b4 35. cxb4 Nc7 36. Nf3 Na6 37. b5 cxb5 38. Kg3 Nb4 39. Ne1 Na2 40. Kf2 Nc1 41. b4 Na2 42. Nd3 Nc3 43. Ke3 Ke7 44. Nc5 Na2 45. Nd3 Nc3 46. g4 fxg4 47. hxg4 Ke6 48. Nc5+ Ke7 49. Kd2 Na2 50. Nd3 1-0


[Site "https://www.chess.com"]

[Event "Titled Tuesday Blitz August 10 2021"]
[White "Solovchuk, Oleksiy"]
[Black "Khusnutdinov, Rustam"]
[WhiteFideId "14115220"]
[BlackFideId "13701703"]
[WhiteElo "2376"]
[BlackElo "2571"]
[Result "0-1"]
[Round "02"]
[TimeControl "180+1"]
[Date "2021.08.10"]
[WhiteClock "0:00:08"]
[BlackClock "0:00:39"]

1. d4 d6 2. e4 Nf6 3. Bd3 c5 4. dxc5 dxc5 5. Nc3 Nc6 6. Be3 e6 7. f4 Be7 8. Nf3 Ng4 9. Bg1 f5 10. e5 O-O 11. Bc4 Qb6 12. a3 Rd8 13. Qc1 Bd7 14. h3 Nh6 15. Be3 Nd4 16. O-O Bc6 17. Ng5 Bxg5 18. fxg5 Nf7 19. Bf4 Bd5 20. Bxd5 exd5 21. Kh1 Ne6 22. h4 d4 23. Ne2 g6 24. Rf3 c4 25. b3 Rac8 26. bxc4 Rxc4 27. Qd2 Qb2 28. Rc1 Rdc8 29. Rb3 Qa2 30. Rxb7 Rxc2 31. Rxc2 Rxc2 32. Rb8+ Kg7 33. Qb4 Rxe2 34. Qe7 Qa1+ 35. Kh2 Rxg2+ 36. Kxg2 Nxf4+ 37. Kg3 Qg1+ 38. Kf3 Qe3# 0-1


[Site "https://www.chess.com"]

[Event "Titled Tuesday Blitz August 10 2021"]
[White "Stachowiak, Kamil"]
[Black "Le, Tuan Minh"]
[WhiteFideId "1119966"]
[BlackFideId "12401153"]
[WhiteElo "2313"]
[BlackElo "2450"]
[Result "0-1"]
[Round "02"]
[TimeControl "180+1"]
[Date "2021.08.10"]
[WhiteClock "0:00:02"]
[BlackClock "0:00:16"]

1. Nf3 d5 2. g3 Nd7 3. c4 dxc4 4. Bg2 Nb6 5. O-O c6 6. a4 a5 7. Qc2 Nf6 8. Na3 Qd5 9. Nh4 Qd4 10. e3 Qd3 11. Qxd3 cxd3 12. Re1 e5 13. b3 Bb4 14. Bb2 Bg4 15. h3 Be2 16. Nb1 Nbd7 17. Nc3 Bxc3 18. Bxc3 O-O 19. Nf5 Nc5 20. Rab1 Rfe8 21. Nd6 Re6 22. Nc4 Nfe4 23. Ba1 b5 24. axb5 cxb5 25. Nxe5 Rae8 26. Nf3 Bxf3 27. Bxf3 Nxd2 28. Bd5 Rd6 29. Bg2 Ndxb3 30. Bc3 b4 31. Bd4 Nxd4 32. exd4 Rxe1+ 33. Rxe1 Ne6 34. d5 Nc7 35. Re7 d2 36. Bf3 Rxd5 37. Bd1 Rc5 38. Kf1 Kf8 39. Rd7 Nd5 0-1


[Site "https://www.chess.com"]

[Event "Titled Tuesday Blitz August 10 2021"]
[White "Stoyanov, Tsvetan"]
[Black "Maghsoodloo, Parham"]
[WhiteFideId "2917173"]
[BlackFideId "12539929"]
[WhiteElo "2191"]
[BlackElo "2601"]
[Result "0-1"]
[Round "02"]
[TimeControl "180+1"]
[Date "2021.08.10"]
[WhiteClock "0:00:04"]
[BlackClock "0:00:09"]

1. e4 c5 2. Nf3 d6 3. d4 cxd4 4. Nxd4 Nf6 5. Nc3 a6 6. Bc4 e6 7. Bb3 Nbd7 8. O-O Nc5 9. Qe2 b5 10. f4 b4 11. Na4 Ncxe4 12. f5 e5 13. Nc6 Qc7 14. Nxb4 Bb7 15. Be3 d5 16. Bb6 Bc5+ 17. Bxc5 Nxc5 18. Kh1 Nxb3 19. axb3 O-O 20. Nd3 Rfe8 21. c3 Bc6 22. Qe3 Bb5 23. Rfe1 e4 24. Nf2 Qe5 25. Nb6 Rad8 26. c4 d4 27. Qg3 Qxg3 28. hxg3 Bc6 29. Rxa6 e3 30. Nd3 Be4 31. Nf4 d3 32. Nxd3 Bxd3 33. Na4 Ne4 34. Nc3 Nxc3 35. bxc3 e2 36. Ra2 Bxc4 37. bxc4 Rd1 38. Ra1 Rxa1 39. Rxa1 e1=Q+ 40. Rxe1 Rxe1+ 41. Kh2 Re3 0-1


[Site "https://www.chess.com"]

[Event "Titled Tuesday Blitz August 10 2021"]
[White "Trent, Lawrence"]
[Black "Grischuk, Alexander"]
[WhiteFideId "408638"]
[BlackFideId "4126025"]
[WhiteElo "2474"]
[BlackElo "2777"]
[Result "0-1"]
[Round "02"]
[TimeControl "180+1"]
[Date "2021.08.10"]
[WhiteClock "0:00:01"]
[BlackClock "0:00:08"]

1. e4 e5 2. Nf3 Nc6 3. Bb5 a6 4. Ba4 Nf6 5. O-O Be7 6. Re1 b5 7. Bb3 d6 8. c3 O-O 9. d4 Bg4 10. Be3 exd4 11. cxd4 Na5 12. Bc2 Nc4 13. Bc1 c5 14. b3 Nb6 15. Nbd2 cxd4 16. Bb2 Rc8 17. h3 Bh5 18. g4 Bg6 19. Nxd4 d5 20. e5 Bxc2 21. Nxc2 Nfd7 22. Nd4 Nc5 23. Qf3 Bg5 24. Nf1 Ne6 25. Nf5 Rc2 26. Ba3 Re8 27. N1e3 Rc3 28. Rac1 Rxc1 29. Rxc1 d4 30. Nd6 Rf8 31. Nb7 Qa8 32. Bxf8 dxe3 33. Kg2 exf2 34. Rf1 Qxf8 35. Rxf2 Nf4+ 36. Kh2 Nbd5 37. Nd6 h6 38. Rc2 Qe7 39. Qe4 g6 40. Rc8+ Kg7 41. Rc6 Qd7 42. Rc2 Nc7 43. a4 Nce6 44. axb5 axb5 45. Qc6 Qa7 46. Ne8+ Kh7 47. Nf6+ Bxf6 48. exf6 Nd3 0-1


[Site "https://www.chess.com"]

[Event "Titled Tuesday Blitz August 10 2021"]
[White "Vlassov, Nikolai"]
[Black "Quparadze, Giga"]
[WhiteFideId "4103360"]
[BlackFideId "13602250"]
[WhiteElo "2407"]
[BlackElo "2658"]
[Result "0-1"]
[Round "02"]
[TimeControl "180+1"]
[Date "2021.08.10"]
[WhiteClock "0:00:13"]
[BlackClock "0:00:52"]

1. e4 c5 2. c3 d5 3. exd5 Qxd5 4. d4 Nc6 5. Nf3 e6 6. a3 cxd4 7. cxd4 Nf6 8. Nc3 Qd8 9. Be3 Be7 10. Qc2 O-O 11. Bd3 b6 12. Ne4 Bb7 13. Nxf6+ Bxf6 14. Bxh7+ Kh8 15. Be4 Rc8 16. Qe2 Na5 17. Bxb7 Nxb7 18. O-O Qd5 19. Rac1 Nd6 20. Rxc8 Rxc8 21. Rc1 Rxc1+ 22. Bxc1 Bxd4 23. Nxd4 Qxd4 24. h3 Nc4 25. b3 Na5 26. Bb2 Qd5 27. Qg4 f6 28. b4 Nc4 29. Bc1 Kh7 30. g3 b5 31. h4 a6 32. Kh2 Kg8 33. h5 Ne5 34. Qf4 Nd3 35. Qb8+ Kh7 36. Be3 Qxh5+ 37. Kg2 Qd5+ 38. Kf1 Ne5 39. Qe8 Nc4 40. Bc5 Nxa3 41. Qf7 Nc4 42. Bf8 Qd3+ 43. Kg1 Qb1+ 44. Kh2 Qg6 45. Qxe6 Ne5 46. Bd6 Qh5+ 47. Kg2 Qf3+ 48. Kg1 Nd3 49. Bc5 a5 50. Qh3+ Kg6 51. g4 Qxh3 0-1


[Site "https://www.chess.com"]

[Event "Titled Tuesday Blitz August 10 2021"]
[White "Vokhidov, Shamsiddin"]
[Black "Ozer, Omer Faruk"]
[WhiteFideId "14204223"]
[BlackFideId "6354564"]
[WhiteElo "2572"]
[BlackElo "2050"]
[Result "1/2-1/2"]
[Round "02"]
[TimeControl "180+1"]
[Date "2021.08.10"]
[WhiteClock "0:00:29"]
[BlackClock "0:00:37"]

1. e4 e5 2. Nf3 Nc6 3. Bb5 a6 4. Ba4 Nf6 5. d3 b5 6. Bb3 Bc5 7. a4 Rb8 8. O-O O-O 9. Nc3 h6 10. axb5 axb5 11. Nd5 d6 12. c3 Nxd5 13. Bxd5 Ne7 14. Bb3 Ng6 15. h3 Bb6 16. d4 Qf6 17. Be3 Bb7 18. Qd3 c5 19. dxc5 dxc5 20. Qxb5 Bxe4 21. Nd2 Bxg2 22. Kxg2 c4 23. Qxc4 Bxe3 24. fxe3 Qg5+ 25. Qg4 Qxe3 26. Qxg6 Qxd2+ 27. Rf2 Rxb3 28. Qxf7+ Rxf7 29. Rxd2 Rfb7 30. Ra2 Kf7 31. Re2 Ke6 32. Ra6+ Kf5 33. Ra5 Rxb2 34. Rxe5+ Kf6 35. Re6+ Kf7 36. Re4 R7b3 37. Rxb2 Rxb2+ 38. Kg3 Rc2 39. c4 Kf6 40. h4 Kf5 41. Rf4+ Ke5 42. Rf7 Rc3+ 43. Kg4 g6 44. Re7+ Kf6 45. Rc7 h5+ 46. Kf4 Rh3 47. Rc6+ Kg7 48. Rc7+ Kh6 49. c5 Rxh4+ 50. Ke5 Rc4 51. c6 h4 52. Rc8 Kg5 53. c7 Rc1 54. Kd6 Kg4 55. Rg8 g5 56. c8=Q+ Rxc8 57. Rxc8 h3 58. Ke5 Kg3 59. Rc3+ Kg2 60. Kf5 h2 61. Rc2+ Kh3 62. Rxh2+ Kxh2 63. Kxg5 1/2-1/2


[Site "https://www.chess.com"]

[Event "Titled Tuesday Blitz August 10 2021"]
[White "Yakubboev, Nodirbek"]
[Black "Turayev, Shahruh"]
[WhiteFideId "14203987"]
[BlackFideId "14003856"]
[WhiteElo "2519"]
[BlackElo "2606"]
[Result "1-0"]
[Round "02"]
[TimeControl "180+1"]
[Date "2021.08.10"]
[WhiteClock "0:00:54"]
[BlackClock "0:01:02"]

1. b3 e5 2. Bb2 Nc6 3. e3 Nf6 4. Bb5 Bd6 5. Na3 a6 6. Be2 b5 7. c4 b4 8. Nc2 O-O 9. Nf3 e4 10. Nfd4 Nxd4 11. Nxd4 Be5 12. f4 exf3 13. Bxf3 Rb8 14. O-O Re8 15. Qc2 c5 16. Ne2 d6 17. d4 Bxh2+ 18. Kxh2 Rxe3 19. dxc5 Bb7 20. c6 Bxc6 21. Bxf6 Qxf6 22. Bxc6 Qe5+ 23. Nf4 g5 24. Qf2 Kh8 25. Kg1 gxf4 26. Qxf4 Qc5 27. Qf6+ 1-0


[Site "https://www.chess.com"]

[Event "Titled Tuesday Blitz August 10 2021"]
[White "Bok, Benjamin"]
[Black "Assaubayeva, Bibisara"]
[WhiteFideId "1017063"]
[BlackFideId "13708694"]
[WhiteElo "2658"]
[BlackElo "2232"]
[Result "1-0"]
[Round "03"]
[TimeControl "180+1"]
[Date "2021.08.10"]
[WhiteClock "0:00:09"]
[BlackClock "0:00:08"]

1. d4 Nf6 2. c4 g6 3. g3 Bg7 4. Bg2 O-O 5. Nc3 Nc6 6. Nf3 d5 7. cxd5 Nxd5 8. O-O e5 9. Bg5 f6 10. Bd2 Nxc3 11. Bxc3 e4 12. Nd2 f5 13. Qb3+ Kh8 14. e3 Ne7 15. Bb4 Re8 16. Bxe7 Qxe7 17. Rfc1 c6 18. Bf1 Be6 19. Bc4 Bxc4 20. Qxc4 Rad8 21. b4 Rd5 22. a4 a6 23. Nb3 g5 24. Nc5 f4 25. b5 axb5 26. axb5 Qf6 27. bxc6 bxc6 28. Qe2 Rf5 29. Ra7 Qg6 30. Rb1 Ref8 31. Rbb7 Bh6 32. Rxh7+ Qxh7 33. Rxh7+ Kxh7 34. exf4 gxf4 35. g4 Rg5 36. Ne6 Re8 37. Qxe4+ Kh8 38. Nxg5 Rxe4 39. Nxe4 Bg7 40. Kg2 Bxd4 41. Kf3 Be5 42. g5 Kg7 43. h4 Kg6 44. Kg4 Bc7 45. h5+ Kg7 46. Kf5 f3 47. h6+ Kh7 48. Nf6+ Kh8 49. g6 1-0


[Site "https://www.chess.com"]

[Event "Titled Tuesday Blitz August 10 2021"]
[White "Bologan, Victor"]
[Black "Bluebaum, Matthias"]
[WhiteFideId "13900048"]
[BlackFideId "24651516"]
[WhiteElo "2511"]
[BlackElo "2685"]
[Result "0-1"]
[Round "03"]
[TimeControl "180+1"]
[Date "2021.08.10"]
[WhiteClock "0:02:38"]
[BlackClock "0:02:21"]

1. e4 e6 2. d3 d5 3. Ke2 Nc6 4. Ke1 Bc5 5. Nd2 Nf6 6. c3 e5 7. h3 dxe4 8. dxe4 Bxf2+ 9. Kxf2 Nxe4+ 10. Ke1 Qh4+ 11. Ke2 0-1


[Site "https://www.chess.com"]

[Event "Titled Tuesday Blitz August 10 2021"]
[White "Bortnyk, Olexandr"]
[Black "Quispe Arteaga, Gabriel"]
[WhiteFideId "14120828"]
[BlackFideId "32059809"]
[WhiteElo "2723"]
[BlackElo "2172"]
[Result "1-0"]
[Round "03"]
[TimeControl "180+1"]
[Date "2021.08.10"]
[WhiteClock "0:00:21"]
[BlackClock "0:00:04"]

1. e4 c5 2. c3 d5 3. exd5 Qxd5 4. d4 Nf6 5. Be3 cxd4 6. cxd4 Bg4 7. Nc3 Qa5 8. Qb3 Nbd7 9. Nf3 Bxf3 10. gxf3 e6 11. Qxb7 Rb8 12. Qa6 Qxa6 13. Bxa6 Rxb2 14. O-O Nb6 15. Rab1 Rxb1 16. Rxb1 Be7 17. Nb5 O-O 18. Nxa7 Nbd5 19. Nc6 Bd6 20. Bb7 Nc3 21. Rb2 Nfd5 22. Bd2 Na4 23. Rb5 Bc7 24. a3 g6 25. Kf1 Kg7 26. h4 h5 27. Bb4 Re8 28. Ba5 Bxa5 29. Rxa5 Nac3 30. Rc5 g5 31. hxg5 h4 32. Nb4 Nxb4 33. axb4 Na4 34. Bc6 Nxc5 35. Bxe8 Na6 36. b5 Nb8 37. Kg2 Kg6 38. f4 1-0


[Site "https://www.chess.com"]

[Event "Titled Tuesday Blitz August 10 2021"]
[White "Chirila, Ioan-Cristian"]
[Black "Pichot, Alan"]
[WhiteFideId "1211668"]
[BlackFideId "110973"]
[WhiteElo "2445"]
[BlackElo "2622"]
[Result "0-1"]
[Round "03"]
[TimeControl "180+1"]
[Date "2021.08.10"]
[WhiteClock "0:00:08"]
[BlackClock "0:00:08"]

1. d4 Nf6 2. c4 g6 3. Nc3 Bg7 4. e4 d6 5. Be2 O-O 6. Bg5 c5 7. d5 Na6 8. f4 Nc7 9. Nf3 Bg4 10. O-O Bxf3 11. Bxf3 Nd7 12. Qc2 Re8 13. e5 dxe5 14. d6 Ne6 15. Bxe7 Rxe7 16. dxe7 Qxe7 17. fxe5 Nd4 18. Qe4 Nxe5 19. Kh1 Re8 20. Qxb7 Ndxf3 21. Qxe7 Rxe7 22. gxf3 Nxc4 23. Rfe1 Kf8 24. Rxe7 Kxe7 25. b3 Nd2 26. Re1+ Kd7 27. Ne4 Nxf3 28. Nxc5+ Kc6 29. Re7 Ne5 30. Ne4 Kd5 31. Ng5 Bf6 32. Rxa7 Bxg5 33. a4 Be3 34. Rb7 f5 35. a5 f4 36. Kg2 f3+ 37. Kf1 Ng4 38. Rf7 Nxh2+ 39. Ke1 f2+ 40. Rxf2 Bxf2+ 41. Kxf2 Kc5 42. Kg3 Nf1+ 43. Kf4 Nd2 44. b4+ Kb5 45. Kg5 Nc4 46. Kh6 Nxa5 47. bxa5 Kxa5 48. Kg5 Kb5 49. Kh4 Kc5 50. Kg5 Kd5 51. Kh6 Ke5 52. Kg5 Ke4 53. Kh6 Kf4 54. Kxh7 g5 55. Kg6 g4 0-1


[Site "https://www.chess.com"]

[Event "Titled Tuesday Blitz August 10 2021"]
[White "Dang, Hoang Son"]
[Black "Sarana, Alexey"]
[WhiteFideId "12402435"]
[BlackFideId "24133795"]
[WhiteElo "2248"]
[BlackElo "2646"]
[Result "0-1"]
[Round "03"]
[TimeControl "180+1"]
[Date "2021.08.10"]
[WhiteClock "0:00:38"]
[BlackClock "0:01:05"]

1. d4 Nf6 2. c4 e6 3. Nf3 d5 4. g3 Be7 5. Bg2 O-O 6. O-O dxc4 7. Qc2 a6 8. Qxc4 b5 9. Qc2 Bb7 10. Bd2 Be4 11. Qc1 Bb7 12. Qc2 Be4 13. Qc1 Nbd7 14. Ba5 Ra7 15. Nbd2 Bd5 16. Qc2 Qa8 17. b4 Ne4 18. Nb3 Nb6 19. Ne5 Nc4 20. f3 Ned6 21. e4 Nxe5 22. exd5 Nec4 23. dxe6 Ne3 24. exf7+ Rxf7 25. Qe2 Nxf1 26. f4 c6 27. Rxf1 Nc4 28. Qe6 Nxa5 29. Nxa5 Bxb4 30. Nxc6 Bc3 31. Bd5 Rc7 32. Ne5 Bxd4+ 33. Kh1 Qf8 34. Nxf7 Qxf7 35. Qe7 Rxe7 36. Bxf7+ Kxf7 37. Kg2 Re2+ 38. Kf3 Rxa2 39. Rd1 Bf6 40. h4 h5 41. Rd5 b4 0-1


[Site "https://www.chess.com"]

[Event "Titled Tuesday Blitz August 10 2021"]
[White "Grischuk, Alexander"]
[Black "Ivanisevic, Ivan"]
[WhiteFideId "4126025"]
[BlackFideId "912417"]
[WhiteElo "2777"]
[BlackElo "2499"]
[Result "1/2-1/2"]
[Round "03"]
[TimeControl "180+1"]
[Date "2021.08.10"]
[WhiteClock "0:00:06"]
[BlackClock "0:00:15"]

1. e4 e5 2. Nf3 Nc6 3. Bc4 Nf6 4. d3 Be7 5. O-O O-O 6. Re1 d6 7. a4 Kh8 8. a5 a6 9. Nc3 Ng8 10. Nd5 f5 11. c3 f4 12. d4 g5 13. h3 g4 14. hxg4 Bxg4 15. Be2 Nh6 16. Qd3 Rg8 17. Kf1 Bh4 18. Rd1 Nf7 19. Ke1 Rg6 20. Ra4 Bf6 21. b3 Bd7 22. Bf1 Ng5 23. Nxg5 Bxg5 24. Be2 Bh6 25. Bf3 Bg7 26. Bb2 Rc8 27. Rd2 Qh4 28. Kd1 Bg4 29. Kc2 Bxf3 30. Qxf3 Qg4 31. Qxg4 Rxg4 32. f3 Rg6 33. Nb4 Na7 34. dxe5 dxe5 35. c4 Rd6 36. Rxd6 cxd6 37. Ra1 Rg8 38. Rd1 Bf8 39. Rd2 Rg6 40. Bc3 Kg8 41. Nd5 Nc6 42. b4 h5 43. b5 Nd8 44. Nc7 Kf7 45. Kb3 Ne6 46. Nxe6 Kxe6 47. Bb4 Be7 48. Kc3 Rg8 49. Kd3 h4 50. Rb2 Rc8 51. Bd2 Rg8 52. Be1 Rg7 53. Bc3 Rg8 54. Be1 Rg7 55. Re2 Rg8 56. Bd2 Rg7 57. Be1 Rg8 58. Bd2 Rg7 59. Be1 1/2-1/2


[Site "https://www.chess.com"]

[Event "Titled Tuesday Blitz August 10 2021"]
[White "Gutenev, Alexander"]
[Black "Indjic, Aleksandar"]
[WhiteFideId "4195540"]
[BlackFideId "911925"]
[WhiteElo "2432"]
[BlackElo "2643"]
[Result "0-1"]
[Round "03"]
[TimeControl "180+1"]
[Date "2021.08.10"]
[WhiteClock "0:00:18"]
[BlackClock "0:00:30"]

1. e4 e5 2. Nf3 Nc6 3. Bb5 a6 4. Ba4 Nf6 5. O-O Be7 6. d3 d6 7. c3 O-O 8. Re1 b5 9. Bc2 h6 10. h3 Re8 11. Nbd2 Bf8 12. Nf1 Bb7 13. a3 g6 14. d4 Bg7 15. d5 Nb8 16. b3 Nbd7 17. c4 Qb8 18. Be3 c6 19. Qd2 a5 20. Bxh6 a4 21. Bxg7 Kxg7 22. cxb5 cxd5 23. bxa4 dxe4 24. Ng5 d5 25. a5 d4 26. Bb3 Bd5 27. Bxd5 Nxd5 28. Nxe4 f5 29. Qa2 Nf4 30. Ng5 Re7 31. a4 Qb7 32. f3 Rxa5 33. Qd2 Qa7 34. Qb4 Nd5 35. Qd6 d3+ 36. Kh2 Qd4 37. Ng3 N7f6 38. Ne6+ Rxe6 39. Qxe6 d2 40. Red1 Qf2 41. Qxe5 Ne3 42. Rg1 Ra7 43. b6 Rd7 44. a5 d1=Q 45. Raxd1 Rxd1 46. Rxd1 Qxg2# 0-1


[Site "https://www.chess.com"]

[Event "Titled Tuesday Blitz August 10 2021"]
[White "Ibarra Jerez, Jose Carlos"]
[Black "Maze, Sebastien"]
[WhiteFideId "2226332"]
[BlackFideId "613762"]
[WhiteElo "2602"]
[BlackElo "2462"]
[Result "0-1"]
[Round "03"]
[TimeControl "180+1"]
[Date "2021.08.10"]
[WhiteClock "0:00:01"]
[BlackClock "0:00:07"]

1. e4 c5 2. Nc3 Nc6 3. Nf3 g6 4. d4 cxd4 5. Nxd4 Bg7 6. Be3 Nf6 7. Bc4 Qa5 8. O-O O-O 9. Bb3 d6 10. Nd5 Nxd5 11. exd5 Ne5 12. h3 Qa6 13. Bg5 Nc4 14. Qd3 b5 15. Nc6 Nxb2 16. Nxe7+ Kh8 17. Qf3 f6 18. Be3 Nc4 19. Bd4 Ne5 20. Qg3 Qb7 21. Nc6 Nxc6 22. dxc6 Qxc6 23. Rfe1 Bb7 24. Re7 Rae8 25. Rae1 Rxe7 26. Rxe7 a5 27. c3 a4 28. Bc2 Re8 29. Rxe8+ Qxe8 30. Qxd6 f5 31. Bxg7+ Kxg7 32. Qc7+ Qf7 33. Qe5+ Kh6 34. Qxb5 Qxa2 35. Qxa4 Qd5 36. Qh4+ Kg7 37. Qd4+ Qxd4 38. cxd4 f4 39. Bb3 Kf6 40. f3 g5 41. Bc4 h5 42. Kf2 Ke7 43. Ke2 Kd6 44. Bf7 Ba6+ 45. Kf2 h4 46. Bb3 Bd3 47. Ke1 Kc6 48. Ba2 Kb5 49. Bd5 Kb4 50. Be4 Bc4 51. Kd2 Bf1 52. d5 Kc5 53. Bf5 Bxg2 54. Bg4 Bf1 55. Ke1 Bc4 56. Kf2 Kxd5 57. Ke1 Kd4 58. Kf2 Bd3 59. Bd7 Ke5 60. Kg2 Bc4 61. Kh2 Kd4 62. Kg2 Ke5 63. Bc8 Be6 64. Bb7 Kd4 65. Ba8 Ke3 66. Be4 g4 67. hxg4 Bxg4 68. Bd5 h3+ 69. Kh2 Bxf3 70. Be6 Bg2 71. Bg4 f3 72. Kg3 f2 73. Kh2 f1=Q 74. Bf3 Qh1+ 0-1


[Site "https://www.chess.com"]

[Event "Titled Tuesday Blitz August 10 2021"]
[White "Karttunen, Mika"]
[Black "Yakubboev, Nodirbek"]
[WhiteFideId "502081"]
[BlackFideId "14203987"]
[WhiteElo "2343"]
[BlackElo "2519"]
[Result "0-1"]
[Round "03"]
[TimeControl "180+1"]
[Date "2021.08.10"]
[WhiteClock "0:00:10"]
[BlackClock "0:00:03"]

1. e4 e5 2. Nf3 Nc6 3. Bb5 a6 4. Ba4 Nf6 5. O-O b5 6. Bb3 Bb7 7. d3 Be7 8. a4 O-O 9. Nc3 b4 10. Nd5 d6 11. a5 Nxd5 12. Bxd5 Nxa5 13. Bxf7+ Rxf7 14. Rxa5 c5 15. Ra1 a5 16. b3 Qd7 17. Nd2 a4 18. Nc4 a3 19. Nb6 Qc6 20. Nxa8 Rf8 21. Qg4 Bc8 22. Qg3 Qxa8 23. Bg5 Qa7 24. Bxe7 Qxe7 25. f4 exf4 26. Rxf4 Re8 27. Rff1 Be6 28. Qf4 h6 29. h3 Qd7 30. Rf2 Kh7 31. Qe3 Bf7 32. Qf4 Bg6 33. Raf1 Qe6 34. Qg3 d5 35. exd5 Qxd5 36. Qf3 Qd4 37. Qd1 Re3 38. Qa1 Qd5 39. Kh2 Qd6+ 40. Kg1 Qd5 41. Kh2 Qd6+ 42. Kg1 Be8 43. Rf3 Re2 44. R3f2 Re3 45. Rf3 Re6 46. R3f2 Bc6 47. Re1 Qd4 48. Rf1 Qd5 49. Re1 Rg6 50. Ree2 Qh5 51. Kf1 Qg5 52. Re5 Bxg2+ 53. Kg1 Qg3 0-1


[Site "https://www.chess.com"]

[Event "Titled Tuesday Blitz August 10 2021"]
[White "Khanin, Semen"]
[Black "Moussard, Jules"]
[WhiteFideId "4111990"]
[BlackFideId "642908"]
[WhiteElo "2521"]
[BlackElo "2644"]
[Result "1-0"]
[Round "03"]
[TimeControl "180+1"]
[Date "2021.08.10"]
[WhiteClock "0:00:17"]
[BlackClock "0:00:08"]

1. e4 g6 2. d4 Bg7 3. Nf3 d6 4. Be3 Nf6 5. Nc3 a6 6. Qd2 b5 7. Bh6 O-O 8. Bd3 Bg4 9. h4 Nc6 10. h5 Nxh5 11. Bxg7 Kxg7 12. Nh2 Bd7 13. g4 Nf6 14. Nf1 Nxd4 15. Qh6+ Kg8 16. Nd5 Nf3+ 17. Kd1 Re8 18. Nfe3 c6 19. Nxf6+ exf6 20. Nf5 Bxf5 21. gxf5 g5 22. Qxh7+ Kf8 23. Rh6 Ke7 24. Qg7 Ne5 25. Qxf6+ Kd7 26. Qxd6+ Kc8 27. Qxd8+ Kxd8 28. Ke2 Ke7 29. Rg1 Rg8 30. Ke3 c5 31. Be2 Nd7 32. Rd1 Rh8 33. Rhd6 Rh3+ 34. f3 Nf6 35. Bf1 Ng4+ 36. Ke2 Rh2+ 37. Ke1 Ne5 38. Be2 Rh1+ 39. Kf2 Rh2+ 40. Ke3 Rah8 41. f6+ Kf8 42. Rd8# 1-0


[Site "https://www.chess.com"]

[Event "Titled Tuesday Blitz August 10 2021"]
[White "Khoroshev, Nikita"]
[Black "Salinas Herrera, Pablo"]
[WhiteFideId "14200287"]
[BlackFideId "3407128"]
[WhiteElo "2328"]
[BlackElo "2541"]
[Result "0-1"]
[Round "03"]
[TimeControl "180+1"]
[Date "2021.08.10"]
[WhiteClock "0:02:12"]
[BlackClock "0:02:08"]

1. d4 d5 2. c4 e6 3. Nf3 a6 4. e3 dxc4 5. Bxc4 b5 6. Bb3 Bb7 7. a4 Nf6 8. O-O Nbd7 9. axb5 axb5 10. Rxa8 Qxa8 11. Nc3 b4 12. Na4 Bd6 13. h3 O-O 14. Bd2 Ne4 15. Be1 Ba6 16. Nd2 Nxd2 17. Bxd2 Bxf1 18. Qxf1 Qb7 19. Qc1 Qb5 20. Be1 Ra8 21. Qc2 h6 22. g3 Nb6 23. Nxb6 Qxb6 24. Qe4 Ra1 25. Kg2 Rxe1 26. Qa8+ Bf8 0-1


[Site "https://www.chess.com"]